 Dungeon Crawl Stone Soup version 0.29.1-12-g30fa7ad0bf (webtiles) character file.

Game seed: 9697594040968348983

45 Radix the Firebug (level 3, -2/19 HPs)
             Began as a Deep Elf Fire Elementalist on Dec 12, 2022.
             Slain by a goblin
             ... wielding a +0 club
             ... led by Robin
              (5 damage)
             ... on level 3 of the Dungeon.
             The game lasted 00:11:31 (1462 turns).

Radix the Firebug (Deep Elf Fire Elementalist)      Turns: 1462, Time: 00:11:32

Health: -2/19      AC:  2    Str:  8    XL:     3   Next: 42%
Magic:  2/10       EV: 12    Int: 21    God:
Gold:   65         SH:  0    Dex: 15    Spells: 8/9 levels left

rFire   . . .      SeeInvis .   p - +3 dagger of Sudden Death {vamp, *Corrode rN+ Will+ Str+3}
rCold   . . .      Faith    .   (no shield)
rNeg    + . .      Spirit   .   a - +0 robe
rPois   .          Reflect  .   (no helmet)
rElec   .          Harm     .   (no cloak)
rCorr   .          Rampage  .   (no gloves)
Will    +....                   (no boots)
Stlth   ++........              (no amulet)
HPRegen 0.06/turn               (no ring)
MPRegen 0.12/turn               (no ring)

@: no status effects
A: no striking features
a: no special abilities


You were on level 3 of the Dungeon.
You visited 1 branch of the dungeon, and saw 3 of its levels.

You collected 93 gold pieces.
You spent 28 gold pieces at shops.

Inventory:

Hand Weapons
 l - a +1 dagger of venom
 p - the +3 dagger of Sudden Death (weapon) {vamp, *Corrode rN+ Will+ Str+3}
   (You found it on level 2 of the Dungeon)

   It occasionally heals its wielder for a portion of the damage dealt when it
   wounds a living foe.
   Str:       It affects your strength (+3).
   rN:        It protects you from negative energy.
   *Corrode:  It may corrode you when you take damage.
   Will:      It increases your willpower.
Armour
 a - a +0 robe (worn)
Magical Staves
 h - a staff of air
Wands
 o - a wand of roots (9)
Scrolls
 c - 3 scrolls of identify
 g - 3 scrolls of blinking
 i - a scroll of vulnerability {unknown}
 k - a scroll of enchant weapon {unknown}
 m - a scroll of amnesia {unknown}
 q - a scroll of summoning {unknown}
 r - a scroll of teleportation {unknown}
 s - a scroll of brand weapon {unknown}
Potions
 b - a potion of magic
 d - 3 potions of curing {unknown}
 e - a potion of mutation {unknown}
 f - a potion of brilliance {unknown}
 j - a potion of might {unknown}
 n - a potion of haste {unknown}


   Skills:
 - Level 2.4 Dodging
 - Level 2.4 Stealth
 + Level 3.9 Spellcasting
 + Level 2.3 Conjurations
 + Level 3.9 Fire Magic


You had 8 spell levels left.
You knew the following spells:

 Your Spells              Type           Power      Damage    Failure   Level
a - Foxfire               Conj/Fire      68%        2x1d7     3%          1

Your spell library contained the following spells:

 Spells                   Type           Power      Damage    Failure   Level
 Scorch                   Fire           40%        2d7       3%          2
 Conjure Flame            Conj/Fire      17%        6-21      10%         3
 Inner Flame              Hex/Fire       12%        N/A       16%         3
 Flame Wave               Conj/Fire      17%        2d7       32%         4


Dungeon Overview and Level Annotations

Branches:
Dungeon (3/15)

Altars:

Shops:
D:1 ?   D:2 ?

Annotations:
D:3 Robin


Message History

The sling bullet closely misses you.
Your foxfire dissipates!
The foxfire hits the goblin.
The goblin is moderately wounded.
The goblin shoots a sling bullet.
The sling bullet misses you.
Robin roars a battlecry!
The goblins go into a battle-frenzy!
You hear a shout!
The goblin shoots a sling bullet.
The sling bullet hits you.
Casting: Foxfire (safe; 3% risk of failure)
Confirm with . or Enter, or press ? or * to list all spells.
You conjure some foxfire!
Robin roars a battlecry!
The hobgoblin goes into a battle-frenzy!
The hobgoblin attacks as you move away! The hobgoblin closely misses you.
The foxfire hits the hobgoblin.
You kill the hobgoblin!
The foxfire hits the goblin.
You kill the goblin!
Robin throws the goblin at you!
* * * LOW HITPOINT WARNING * * *
The goblin barely misses you.
Casting: Foxfire (safe; 3% risk of failure)
Confirm with . or Enter, or press ? or * to list all spells.
You conjure some foxfire!
The goblin hits you with a +0 dagger.
* * * LOW HITPOINT WARNING * * *
You puncture the goblin!
You feel better.
You kill the goblin!
The foxfire hits the goblin.
You kill the goblin!
The foxfire hits Robin but does no damage.
Robin throws the goblin at you!
* * * LOW HITPOINT WARNING * * *
You closely miss the goblin. The goblin hits you but does no damage.
The goblin attacks as you move away! The goblin hits you with a +0 club.
* * * LOW HITPOINT WARNING * * *
Casting: Foxfire (safe; 3% risk of failure)
Confirm with . or Enter, or press ? or * to list all spells.
You conjure some foxfire!
The goblin hits you with a +0 club.
You die...

####.# ..#.# #.#.##########
#.#........... #...$
#............. #....
#######....##. ###....
.....##.##.
......###################.##.
#....#....v@g).).........##.
#.......)).v##############.
#.......g...# #.
#.......)...# #.
#......)....# ##
#....)......# #....##†#######
#.#.. #)# # ### #.#


You could see Robin and a goblin (strong, ally target).

Vanquished Creatures
  2 worms
  2 ball pythons
  An endoplasm (D:1)
  2 giant cockroaches
  10 goblins
  7 hobgoblins
  A quokka (D:1)
  2 bats
  A frilled lizard (D:2)
  2 kobolds
  6 rats
36 creatures vanquished.

Vanquished Creatures (others)
  64 foxfires
64 creatures vanquished.

Grand Total: 100 creatures vanquished

Notes
Turn   | Place    | Note
-------+----------+-------------------------------------------
     0 | D:1      | Radix the Deep Elf Fire Elementalist began the quest for
                  | the Orb.
     0 | D:1      | Reached XP level 1. HP: 10/10 MP: 6/6
    85 | D:1      | Found a faded altar of an unknown god.
   227 | D:1      | Found Wikarcho's Magic Scroll Emporium.
   242 | D:1      | Reached XP level 2. HP: 15/15 MP: 2/8
   258 | D:1      | Bought a scroll of identify for 28 gold pieces
   961 | D:2      | Found Biawy's Magic Scroll Shoppe.
   962 | D:2      | Identified the +3 dagger of Sudden Death {vamp, *Corrode
                  | rN+ Will+ Str+3}
  1084 | D:2      | Reached XP level 3. HP: 19/19 MP: 8/10
  1445 | D:3      | Noticed Robin
  1462 | D:3      | Slain by a goblin

Illustrated notes

Levels and vault maps discovered:
D:1:      onia_arrival_handbag, layout_basic, chequers_ecumenical_altar_simple,
          serial_shops, shop
D:2:      layout_rooms, serial_shops, shop, minmay_tromino_v4_c
D:3:      layout_basic, cheibrodos_sewer_entry_drain, lemuel_flame_loot_1,
          uniq_robin

Skill      XL: |  1  2 |
---------------+-------+-----
Conjurations   | 2 |  2.3
Dodging        | |  2.4
Stealth        | |  2.4
Spellcasting   | |  3.9
Fire Magic     | |  3.9

Action                   || total
-------------------------++-------
Melee: Spear             ||    28
       Dagger            ||    10
 Cast: Foxfire           ||    43
  Use: Scroll            ||     1
 Stab: Sleeping          ||     3
Armor: Robe              ||    15
Dodge: Dodged            ||    49
